 Dungeon Crawl Stone Soup version 0.31-a0-437-g7cee417757 (webtiles) character file.

Game seed: 13470876888700087717

3227 AdnanSaban the Basher (level 9, -6/56 HPs)
             Began as a Gargoyle Fighter on Aug 2, 2023.
             Killed from afar by Maggie (16 damage)
             ... with a bolt of dispelling energy
             ... on level 7 of the Dungeon.
             The game lasted 00:07:06 (6943 turns).

AdnanSaban the Basher (Gargoyle Fighter)            Turns: 6943, Time: 00:07:07

Health: -6/56      AC: 21    Str: 24    XL:     9   Next: 98%
Magic:  9/9        EV:  9    Int:  9    God:
Gold:   373        SH: 10    Dex:  9    Spells: 8/8 levels left

rFire   . . .        a - +0 flail
rCold   . . .        c - +0 buckler
rNeg    + . .        i - +0 chain mail
rPois   ∞            r - +0 helmet
rElec   +            (no cloak)
rCorr   .            y - +0 pair of gloves
SInv    .            f - +0 pair of boots
Will    .....        I - amulet of reflection Stlth
                     (no ring)
HPRegen 0.29/turn    (no ring)
MPRegen 0.11/turn

%: reflection
@: mesmerised
A: sickness immunity, AC +6, negative energy resistance 1, electricity
resistance, torment resistance 1, petrification resistance
a: no special abilities


You were on level 7 of the Dungeon.
You visited 1 branch of the dungeon, and saw 7 of its levels.

You collected 373 gold pieces.

Inventory:

Hand Weapons
 a - a +0 flail (weapon)
Missiles
 h - 3 boomerangs
 u - a throwing net
 v - 18 poisoned darts (quivered)
 J - 3 javelins
Armour
 c - a +0 buckler (worn)
 f - a +0 pair of boots (worn)
 i - a +0 chain mail (worn)
 r - a +0 helmet (worn)
 y - a +0 pair of gloves (worn)
Jewellery
 H - a ring of fire
 I - an amulet of reflection (around neck)
Wands
 B - a wand of flame (18)
 D - a wand of charming (18)
 G - a wand of mindburst (23)
Scrolls
 b - 2 scrolls of blinking {unknown}
 g - 6 scrolls of identify {unknown}
 j - 4 scrolls of fog {unknown}
 k - a scroll of acquirement {unknown}
 l - a scroll of butterflies {unknown}
 m - 6 scrolls of enchant armour {unknown}
 s - 2 scrolls of fear {unknown}
 t - a scroll of revelation {unknown}
 w - a scroll of noise {unknown}
 x - 2 scrolls of enchant weapon {unknown}
 z - a scroll of torment {unknown}
 F - a scroll of teleportation {unknown}
Potions
 d - a potion of might
 e - 2 potions of mutation {unknown}
 n - a potion of cancellation {unknown}
 o - 2 potions of attraction {unknown}
 p - 3 potions of curing {unknown}
 q - a potion of degeneration {unknown}
 A - a potion of magic {unknown}
 C - 2 potions of haste {unknown}
 E - 2 potions of heal wounds {unknown}


   Skills:
 + Level 6.5 Fighting
 + Level 8.8 Maces & Flails
 + Level 0.6 Throwing
 + Level 8.3 Armour
 + Level 2.8 Dodging
 + Level 0.8 Stealth
 + Level 6.1 Shields


You had 8 spell levels left.
You didn't know any spells.
Your spell library contained the following spells:

 Spells                   Type           Power      Damage    Failure   Level
 Portal Projectile        Hex/Tloc       0%         N/A       100%        3
 Tukima's Dance           Hex            0%         N/A       100%        3
 Dispel Undead            Necr           0%         3d6       100%        4
 Iskenderun's Mystic Bla  Conj/Tloc      0%         2d3       100%        4
 Death Channel            Necr           0%         N/A       100%        6
 Cigotuvi's Dreadful Rot  Necr/Pois/Air  Unusable   N/A       N/A         2

Dungeon Overview and Level Annotations

Branches:
Dungeon (7/15)
 Temple: D:4-7

Altars:
Dithmenos
Uskayaw

Shops:
D:2 ([(:?

Annotations:
D:7 Maggie


Innate Abilities, Weirdness & Mutations

You are immune to sickness and miasma.
Your stone body is resilient. (AC +6)
You are immune to poison.
You resist negative energy. (rN+)
You are resistant to electric shocks. (rElec)
You are resistant to unholy torment.
You are immune to petrification.


Message History

Maggie is lightly wounded.
Maggie barely misses you.
You closely miss Maggie.
Maggie is lightly wounded.
You block Maggie's attack.
You hit Maggie.
Maggie is moderately wounded.
Maggie zaps a wand.
The bolt of dispelling energy hits you but does no damage.
You hit Maggie but do no damage.
Maggie is moderately wounded.
Maggie gestures wildly while chanting.
Maggie attempts to bespell you!
You are mesmerised by Maggie!
You barely miss Maggie.
Maggie is moderately wounded.
You block Maggie's attack.
You hit Maggie.
Maggie is moderately wounded.
Maggie says, "Leave now, and tell all of Margery's mercy!"
You block Maggie's attack.
You barely miss Maggie.
Maggie is moderately wounded.
Maggie hits you but does no damage.
You thump Maggie!
Maggie is heavily wounded.
You block Maggie's attack.
You hit Maggie but do no damage.
Maggie is heavily wounded.
Maggie mumbles some strange words.
Maggie draws you further into her thrall.
You hit Maggie but do no damage.
Maggie is heavily wounded.
Maggie points at you and mumbles some strange words.
The bolt of fire misses you.
You hit Maggie.
Maggie is heavily wounded.
Maggie zaps a wand.
The bolt of dispelling energy hits you!
Your magical effects are unravelling.
You die...

...............
...............
...............
..............
............#
...........#
.......@..#
......)@)# #
........)## #
.....#....## #
##.. ###...# #
## ##..## ## #
##..### ..#.. #
##...## #.... #
#
##...##....#..
# ######
##...........


You could see Maggie (mesmerising).

Vanquished Creatures
  Prince Ribbit (D:5)
  Sigmund (D:4)
  The ghost of Soborki the Chopper, an amateur MiBe of Trog (D:5)
  A steam dragon (D:7)
  Edmund (D:4)
  3 water moccasins
  2 sky beasts
  4 black bears
  A centaur (D:6)
  A phantom (D:6)
  A kobold brigand (D:6)
  A bullfrog (D:6)
  5 scorpions (D:6)
  3 howler monkeys (D:6)
  2 wyvern simulacra (D:5)
  A water moccasin simulacrum (D:5)
  2 orc priests
  3 hounds
  3 jellies
  6 iguanas
  4 orc wizards
  A scorpion simulacrum (D:5)
  Robin (D:3)
  3 gnolls (D:3)
  11 adders
  A shadow imp (D:5)
  3 white imps (D:5)
  2 worms
  2 dart slugs
  25 orcs
  8 ball pythons
  9 endoplasms
  3 giant cockroaches (D:1)
  13 goblins
  9 hobgoblins
  8 jackals (D:1)
  9 kobolds
  5 quokkas
  7 bats
  3 frilled lizards
  9 rats
179 creatures vanquished.

Vanquished Creatures (others)
  An orc (D:7)
1 creature vanquished.

Grand Total: 180 creatures vanquished

Notes
Turn   | Place    | Note
-------+----------+-------------------------------------------
     0 | D:1      | AdnanSaban the Gargoyle Fighter began the quest for the
                  | Orb.
     0 | D:1      | Reached XP level 1. HP: 14/14 MP: 1/1
   131 | D:1      | Reached XP level 2. HP: 19/19 MP: 2/2
   411 | D:1      | Reached XP level 3. HP: 24/24 MP: 3/3
   530 | D:1      | Found a faded altar of an unknown god.
   838 | D:2      | Found Syablid's Armour Shoppe.
   927 | D:2      | Reached XP level 4. HP: 29/29 MP: 4/4
   936 | D:2      | Found Zaustor's Weapon Shoppe.
  1128 | D:2      | Found Ceefoal's Weapon Boutique.
  1298 | D:2      | Found Wiyweik's Magic Scroll Shop.
  1659 | D:2      | Found Bid Bebasch's Book Shop.
  1931 | D:3      | Reached XP level 5. HP: 33/33 MP: 5/5
  2023 | D:3      | Noticed Robin
  2104 | D:3      | Killed Robin
  2105 | D:3      | Reached skill level 1 in Dodging
  2262 | D:3      | Reached XP level 6. HP: 11/39 MP: 6/6
  3028 | D:4      | Noticed a black bear
  3058 | D:4      | Killed a black bear
  3229 | D:4      | Reached XP level 7. HP: 44/44 MP: 7/7
  3520 | D:4      | Noticed Sigmund
  3534 | D:4      | Killed Sigmund
  3535 | D:4      | Reached skill level 5 in Fighting
  3535 | D:4      | Reached skill level 5 in Maces & Flails
  3559 | D:4      | Noticed Edmund
  3575 | D:4      | Killed Edmund
  3794 | D:4      | Reached skill level 5 in Armour
  3794 | D:4      | Reached XP level 8. HP: 40/49 MP: 8/8
  4070 | D:5      | Entered Level 5 of the Dungeon
  4173 | D:5      | Noticed Prince Ribbit
  4190 | D:5      | HP: 2/50 [orc priest/nerve-wracking pain (7)]
  4603 | D:6      | Reached skill level 5 in Shields
  4637 | D:6      | Reached XP level 9. HP: 55/55 MP: 9/9
  5113 | D:5      | Found a shadowy altar of Dithmenos.
  5153 | D:5      | Killed Prince Ribbit
  5263 | D:5      | Identified the +0 robe of Xom's Grace {-Tele rCorr Dex-4
                  | Stlth+}
  5323 | D:5      | Found a runed translucent gate.
  5323 | D:5      | Found a runed translucent gate.
  5323 | D:5      | Found a runed translucent gate.
  5473 | D:5      | Found a hide-covered altar of Uskayaw.
  5848 | D:5      | Noticed Soborki's ghost (amateur MiBe)
  6067 | D:5      | Killed Soborki's ghost
  6918 | D:7      | Noticed Maggie
  6943 | D:7      | Killed from afar by Maggie

Illustrated notes

Levels and vault maps discovered:
D:1:      wander_arrival_desolate, layout_loops_ring,
          hellmonk_ecumenical_altar_dog_temple
D:2:      layout_basic, serial_shops, shop, shop, shop,
          nicolae_shop_bloodbath_and_beyond, shop
D:3:      layout_rooms, kennysheep_nondescript, uniq_robin
D:4:      layout_basic, sigmund_edmund_badplayer
D:5:      layout_rooms, nicolae_dithmenos_shadow_blocks, general_overflow_altar,
          gammafunk_ghost_icy, grunt_ministairs_15, uniq_prince_ribbit1
D:6:      layout_rooms, kennysheep_boxes
D:7:      layout_layer_cave, minmay_temple_entry_wispy, uniq_duvessa,
          uniq_maggie, uniq_joseph

Skill      XL: |  1  2  3  4  5  6  7  8  9 |
---------------+----------------------------+-----
Fighting       | 4 5 6 |  6.5
Shields        | 4 5 6 |  6.1
Maces & Flails | 3 4 6 7 8 |  8.8
Dodging        | 1 2 |  2.8
Armour         | 4 5 7 8 |  8.3
Throwing       | |  0.6
Stealth        | |  0.8

Action                     |  1- 3 |  4- 6 |  7- 9 || total
---------------------------+-------+-------+-------++-------
  Melee: Flail             |   149 |   271 |   469 ||   889
  Throw: Dart              |       |       |     6 ||     6
 Armour: Scale mail        |    36 |       |       ||    36
         Chain mail        |   105 |   245 |   327 ||   677
  Dodge: Dodged            |    88 |   138 |   186 ||   412
  Block: Buckler           |    43 |    87 |   151 ||   281
         Reflection        |       |       |     2 ||     2

Table legend: (Time is in decaauts)
 A = Elapsed time spent in this place.
 B = Non-inter-level travel time spent in this place.
 C = Inter-level travel time spent in this place.
 D = Time resting spent in this place.
 E = Time spent auto-exploring this place.
 F = Levels seen in this place.
 G = Mean time per level.
                   A        B        C        D        E       F      G
               +--------+--------+--------+--------+--------+-----+--------+
         Total |   7093 |   6832 |    261 |    466 |   4669 |   7 | 1013.3 |
       Dungeon |   7093 |   6832 |    261 |    466 |   4669 |   7 | 1013.3 |
               +--------+--------+--------+--------+--------+-----+--------+

Top non-repeatable levels by time:
     D:4: 1346 daAuts
     D:5: 1196 daAuts
     D:6: 1185 daAuts
     D:2: 1170 daAuts
     D:3: 848 daAuts
     D:1: 832 daAuts
     D:7: 514 daAuts
